AoeStats
← 清远华

Coastal Forest

510724200Analyzed
4v4 RM · 1d ago on Oct 2, 2026· 16m 54s· 8 players
Game mode
Random Map
Map size
Large (8 player)
Population
200
Speed
Normal
Resources
Standard
Victory
Conquest
Starting age
Dark Age
Ending age
Imperial Age
RankedLock teamsTeams togetherTeam positionsShared explorationLock speedFull tech treeHidden civsTurbo modeCheats
Victory
Defeat
🇨🇳 Tatars · China
2010
+3
🇨🇳 Teutons · China
1871
+5
🇨🇳 Varangians · China
1803
+7
🇨🇳 Malians · China
1730
+9
🇨🇳 Byzantines · China
1629
-7
🇨🇳 Armenians · China
1620
-7
🇫🇷 Sicilians · France
1565
-5
🇬🇧 Cumans · United Kingdom
1560
-5
温蒂
6:36 Loom
8:29 Feudal Age
9:40 Double-Bit Axe
13:57 Bloodlines
16:08 Scale Barding Armor
16:00 Horse Collar
17:46 Wheelbarrow
< blank >
7:22 Loom
9:43 Feudal Age
10:21 Double-Bit Axe
10:49 Fishing Lines
13:59 Wheelbarrow
17:25 Castle Age
15:25 Gold Mining
清远华
11:50 Feudal Age
12:45 Double-Bit Axe
15:45 Castle Age
13:41 Gold Mining
16:46 Bow Saw
CNZS_旋律
6:13 Loom
8:38 Feudal Age
9:28 Double-Bit Axe
13:50 Fletching
AJC
5:56 Loom
8:20 Feudal Age
11:28 Double-Bit Axe
11:56 Horse Collar
13:37 Wheelbarrow
16:26 Bloodlines
洛莉
11:56 Feudal Age
10:53 Loom
13:16 Loom
15:44 Castle Age
14:50 Double-Bit Axe
Long-Long-Way
7:05 Loom
9:27 Feudal Age
10:51 Double-Bit Axe
JohnnySniper
11:13 Feudal Age
13:25 Wheelbarrow
15:33 Castle Age
15:13 Scale Barding Armor
Connection lost

Rejoining the realm…

Still unreachable

The connection could not be restored.

Session expired

The server has moved on; the page needs a fresh start.